 Dungeon Crawl Stone Soup version 0.19.0-9-gfd783f2 (webtiles) character file.

2978 mistymad the Zephyrmancer (level 9, -5/52 HPs)
             Began as a Tengu Air Elementalist on Nov 7, 2016.
             Was a Follower of Sif Muna.
             Slain by a wolf (9 damage)
             ... led by Grum
             ... on level 8 of the Dungeon.
             The game lasted 00:32:25 (8625 turns).

mistymad the Zephyrmancer (Tengu Air Elementalist)  Turns: 8625, Time: 00:32:25

Health: -5/52      AC:  5    Str:  9    XL:     9   Next: 82%
Magic:  15/29      EV: 13    Int: 18    God:    Sif Muna [*.....]
Gold:   116        SH:  0    Dex: 15    Spells: 4 memorised, 12 levels left

rFire  + + +     SeeInvis .     A - +1 long sword of the Mushroom {chaos, Fragile +Blink rPois rF++} (curse)
rCold  . . .     Gourm    .     a - +1 robe
rNeg   . . .     Faith    .     (no shield)
rPois  +         Spirit   .     (helmet restricted)
rElec  .         Reflect  .     q - +0 cloak
rCorr  .         Harm     .     y - +0 pair of gloves
MR     .....                    (boots unavailable)
Stlth  ++........               (no amulet)
                                d - ring of magical power
                                K - ring of protection from fire

@: about to teleport, repel missiles, divine energy
A: beak, talons 3, able to fly 1
a: Fly, Stop Divine Energy, Renounce Religion, Evoke Blink


You were on level 8 of the Dungeon.
You worshipped Sif Muna.
Sif Muna was aware of your devotion.
You were very hungry.

You visited 2 branches of the dungeon, and saw 9 of its levels.

You collected 396 gold pieces.
You spent 280 gold pieces at shops.

Inventory:

Hand Weapons
 A - the cursed +1 long sword of the Mushroom (weapon) {chaos, Fragile +Blink rPois rF++}
   (You found it on level 6 of the Dungeon)

   Each time it hits an enemy it has a different, random effect.
   It greatly protects you from fire.
   It protects you from poison.
   It lets you blink.
   It will be destroyed if unequipped.
   It has a curse placed upon it.
 G - a +0 blowgun
Armour
 a - a +1 robe (worn)
 q - a +0 cloak (worn)
 y - a +0 pair of gloves (worn)
Jewellery
 d - a ring of magical power (right hand)
 u - the ring of Iqeah {rCorr Int+2}
   (You found it on level 5 of the Dungeon)

   [ring of resist corrosion]

   It affects your intelligence (+2).
 w - an uncursed ring of poison resistance
 K - a ring of protection from fire (left hand)
Wands
 h - a wand of paralysis (9/24)
 p - a wand of iceblast (15/15)
 B - a wand of iceblast (8/15)
Scrolls
 f - a scroll of blinking
 i - 4 scrolls of enchant armour
 k - a scroll of amnesia
 o - 2 scrolls of immolation
 v - a scroll of enchant weapon
 D - a scroll of recharging
 E - a scroll of fear
 F - 2 scrolls of identify
Potions
 e - 2 potions of resistance
 g - 2 potions of curing
 l - 3 potions of degeneration
 m - 2 potions of agility
 n - a potion of magic
 r - 2 potions of heal wounds
 s - 2 potions of lignification
 I - 2 potions of haste {unknown}
Books
 b - a book of Air

   Spells                             Type                      Level
   a - Shock                          Conjuration/Air              1
   b - Swiftness                      Charms/Air                   2
   c - Repel Missiles                 Charms/Air                   2
   d - Static Discharge               Conjuration/Air              3
   e - Lightning Bolt                 Conjuration/Air              5
 C - a book of Misfortune

   Spells                             Type                      Level
   a - Confusing Touch                Hexes                        1
   b - Confuse                        Hexes                        3
   c - Gell's Gravitas                Hexes/Translocation          3
   d - Petrify                        Transmutation/Earth          4
   e - Metabolic Englaciation         Hexes/Ice                    5
   f - Yara's Violent Unravelling     Hexes/Transmutation          5
Comestibles
 c - 6 bread rations
 j - 4 meat rations
 x - 2 beef jerkies
 z - 7 fruits


   Skills:
 + Level 4.7 Fighting
 - Level 2.1 Dodging
 - Level 2.0 Stealth
 + Level 7.0 Spellcasting
 + Level 9.3 Conjurations
 + Level 9.8 Air Magic


You had 12 spell levels left.
You knew the following spells:

 Your Spells              Type           Power        Failure   Level  Hunger
a - Shock                 Conj/Air       ####         1%          1    None
b - Repel Missiles        Chrm/Air       ###...       1%          2    None
c - Swiftness             Chrm/Air       ###.....     1%          2    None
d - Lightning Bolt        Conj/Air       #####.....   8%          5    #####..


Dungeon Overview and Level Annotations

Branches:
Dungeon (8/15)             Temple (1/1) D:6
   Lair: D:8-11

Altars:
Dithmenos
Fedhas
Gozag
Nemelex Xobeh
Qazlal
Ru
Sif Muna
Trog
Xom
Yredelemnul

Shops:
D:4 =   D:5 %   D:8 (

Annotations:
D:8 Grum, Psyche


Innate Abilities, Weirdness & Mutations

You have a beak for a mouth.
You have claws for feet.
You can fly.


Message History

You take 13 damage, and have 24/52 hp.
MASSIVE DAMAGE!!
You now have 15/29 mp.
The wolf bites you!
* * * LOW HITPOINT WARNING * * *
The wolf misses you.
You riposte.
You hit the wolf. You freeze the wolf.
The wolf is lightly wounded.
You take 9 damage, and have 15/52 hp.
As you read the scroll of teleportation, it crumbles to dust.
You feel strangely unstable. The wolf barely misses you.
You riposte.
You closely miss the wolf.
The wolf is lightly wounded.
The wolf bites you.
* * * LOW HITPOINT WARNING * * *
You take 3 damage, and have 12/52 hp.
The wolf bites you.
* * * LOW HITPOINT WARNING * * *
The wolf bites you.
* * * LOW HITPOINT WARNING * * *
You take 8 damage, and have 4/52 hp.
The wolf bites you!
You die...

######...# #.# ..#....
#####......#########.#..##..#.
....<....#####.....#.... #.
.........# ##...........
.........# #............
.........# #............
.........###............
##......................
##.....@......h@.......
##...h.####....h.......
#.......####...........
#.....>....#.g.........
#..........#.#..####.##
##.....#.......## ..
##...##......## #
######....### #...##


You could see Grum and 2 wolves.

Vanquished Creatures
  Joseph (D:8)
  A hippogriff (D:8)
  Duvessa (D:4)
  An ice beast (D:5)
  2 orc warriors (D:7)
  2 phantoms
  2 wolves (D:8)
  3 centaurs
  4 bullfrogs
  Dowan (D:4)
  A water moccasin skeleton (D:4)
  3 scorpions
  3 vampire bats (D:6)
  A howler monkey (D:7)
  A jelly (D:5)
  7 crimson imps
  A centaur skeleton (D:7)
  3 orc wizards
  An iguana (D:6)
  3 worker ants
  A hound skeleton (D:5)
  A hound zombie (D:6)
  3 gnolls (D:8)
  9 adders
  3 shadow imps
  An ooze (D:2)
  An adder zombie (D:5)
  An adder skeleton (D:6)
  3 worms
  4 dart slugs
  3 leopard geckos
  15 orcs
  A ball python (D:2)
  8 giant cockroaches
  8 goblins
  4 hobgoblins
  3 jackals
  4 quokkas
  10 bats
  7 frilled lizards
  A giant cockroach zombie (D:5)
  6 kobolds
  A leopard gecko skeleton (D:4)
  A leopard gecko zombie (D:6)
  4 rats
145 creatures vanquished.

Vanquished Creatures (others)
  An ogre (D:8)
1 creature vanquished.

Grand Total: 146 creatures vanquished

Notes
Turn   | Place    | Note
-------+----------+-------------------------------------------
     0 | D:1      | mistymad the Tengu Air Elementalist began the quest for the Orb.
     0 | D:1      | Reached XP level 1. HP: 10/10 MP: 4/4
   113 | D:1      | Reached XP level 2. HP: 15/15 MP: 0/6
   832 | D:2      | Reached XP level 3. HP: 14/19 MP: 4/7
  1161 | D:2      | Found a blossoming altar of Fedhas.
  1473 | D:2      | Reached XP level 4. HP: 24/24 MP: 5/9
  2327 | D:3      | Learned a level 2 spell: Repel Missiles
  2330 | D:3      | Learned a level 2 spell: Swiftness
  2410 | D:3      | Reached skill level 5 in Air Magic
  2932 | D:4      | Gained mutation: You can fly. [Tengu growth]
  2932 | D:4      | Reached XP level 5. HP: 28/28 MP: 7/10
  2948 | D:4      | Found a basalt altar of Yredelemnul.
  2963 | D:4      | Found Dar Petisoy's Jewellery Boutique.
  2988 | D:4      | Noticed Dowan
  3218 | D:4      | Learned a level 5 spell: Lightning Bolt
  3225 | D:4      | Found a shimmering altar of Xom.
  3408 | D:4      | Reached XP level 6. HP: 31/32 MP: 6/12
  3558 | D:4      | Reached skill level 5 in Conjurations
  3626 | D:5      | Entered Level 5 of the Dungeon
  3791 | D:5      | Found Famunwit's Food Boutique.
  3810 | D:5      | Got a sparkling turquoise ring
  3811 | D:5      | Identified the ring of Iqeah {rCorr Int+2} (You found it on level 5 of the Dungeon)
  4076 | D:5      | Noticed a phantom
  4085 | D:5      | Killed a phantom
  4085 | D:5      | Reached XP level 7. HP: 21/36 MP: 6/14
  4088 | D:5      | Found a sacrificial altar of Ru.
  4723 | D:6      | Reached skill level 5 in Spellcasting
  5123 | D:6      | Reached skill level 1 in Fighting
  5123 | D:6      | Reached XP level 8. HP: 40/43 MP: 11/16
  5450 | D:6      | Got a faintly glowing long sword
  5451 | D:6      | Identified the cursed +1 long sword of the Mushroom {chaos, Fragile +Blink rPois rF++} (You found it on level 6 of the Dungeon)
  5468 | D:6      | Found a staircase to the Ecumenical Temple.
  5633 | Temple   | Entered the Ecumenical Temple
  5663 | Temple   | Became a worshipper of Sif Muna the Loreminder
  6331 | D:4      | Bought an uncursed ring of magical power for 280 gold pieces
  6387 | D:4      | Noticed Duvessa
  6403 | D:4      | Killed Dowan
  6404 | D:4      | Killed Duvessa
  6913 | D:5      | Reached XP level 9. HP: 50/50 MP: 19/19
  6975 | D:7      | Reached * piety under Sif Muna
  7838 | D:8      | Noticed Grum
  7842 | D:8      | Found Zeodgh's Antique Weapon Shop.
  7851 | D:8      | Noticed Joseph
  8314 | D:8      | Killed Joseph
  8315 | D:8      | Noticed Psyche
  8625 | D:8      | Slain by a wolf

Skill      XL: |  1  2  3  4  5  6  7  8  9 |
---------------+----------------------------+-----
Conjurations   | 2 3 4 5 6 8 9 |  9.3
Spellcasting   | 3 4 5 6 7 |  7.0
Air Magic      | 5 6 7 8 9 |  9.8
Fighting       | 1 3 4 |  4.7
Dodging        | |  2.1
Stealth        | |  2.0

Action                   |  1- 3 |  4- 6 |  7- 9 || total
-------------------------+-------+-------+-------++-------
Melee: Peck              |     3 |     3 |     6 ||    12
       Unarmed           |     1 |       |       ||     1
       Dagger            |    15 |    20 |    10 ||    45
       Kick              |     3 |     4 |     9 ||    16
       Long sword        |       |       |     1 ||     1
 Cast: Shock             |    61 |   123 |   174 ||   358
       Repel Missiles    |       |     1 |     2 ||     3
       Lightning Bolt    |       |       |    38 ||    38
Invok: Divine Energy     |       |       |     1 ||     1
 Abil: Fly               |       |       |     1 ||     1
  Use: Scroll            |       |    16 |     6 ||    22
  Eat: Chunk             |     2 |     8 |    22 ||    32
       Fruit             |       |       |     2 ||     2
       Pizza             |       |       |     1 ||     1
Armor: Robe              |     8 |     5 |    24 ||    37
       Leather armour    |       |    13 |       ||    13
Dodge: Dodged            |    31 |    53 |    81 ||   165
       Deflected         |       |       |     6 ||     6
       Rpst.: Long sword |       |       |    13 ||    13
